 Dungeon Crawl Stone Soup version 0.22.1-6-g1668fe2c40 (webtiles) character file.

6385 Ihlosi the Thaumaturge (level 11, 0/64 HPs)
             Began as a Kobold Fire Elementalist on Jan 21, 2019.
             Slain by a meliai
             ... wielding the +6 morningstar "Koxzem" {crush, rElec}
              (1 damage)
             ... on level 8 of the Dungeon.
             The game lasted 00:32:53 (10991 turns).

Ihlosi the Thaumaturge (Kobold Fire Elementalist)  Turns: 10991, Time: 00:32:54

Health: 0/64       AC:  6    Str:  5    XL:     11   Next: 17%
Magic:  18/23      EV: 20    Int: 21    God:
Gold:   422        SH:  0    Dex: 15    Spells: 21/26 levels left

rFire    . . .     SeeInvis .   a - +4 short sword (freeze)
rCold    . . .     Gourm    .   (shield restricted)
rNeg     . . .     Faith    .   h - +0 robe
rPois    .         Spirit   .   u - +0 helmet
rElec    .         Reflect  .   z - +0 cloak
rCorr    .         Harm     .   i - +1 pair of gloves
MR       .....                  (no boots)
Stlth    ++++......             (no amulet)
HPRegen  0.20/turn              y - ring of stealth
MPRegen  0.18/turn              (no ring)

@: no status effects
A: small, carnivore
a: no special abilities


You were on level 8 of the Dungeon.
You were very full.

You visited 2 branches of the dungeon, and saw 9 of its levels.

You collected 422 gold pieces.

Inventory:

Hand Weapons
 a - a +4 short sword of freezing (weapon)
 b - a +2 short sword of venom
 f - a +0 long sword
 E - a +0 giant spiked club
 F - a +2 dagger of flaming
Missiles
 g - 84 bolts
 q - 75 arrows
Armour
 h - a +0 robe (worn)
 i - a +1 pair of gloves (worn)
 u - a +0 helmet (worn)
 x - a +0 shield
 z - a +0 cloak (worn)
 G - a +0 troll leather armour
Magical Staves
 s - an uncursed staff of wizardry
Jewellery
 y - a ring of stealth (left hand)
 D - an uncursed ring of wizardry {unknown}
Wands
 m - a wand of enslavement (8)
 v - a wand of disintegration (2)
Scrolls
 d - 5 scrolls of remove curse
 e - a scroll of enchant armour
 j - 2 scrolls of fear
 l - a scroll of blinking
 w - a scroll of enchant weapon {unknown}
 A - a scroll of identify
 C - a scroll of teleportation
 H - 2 scrolls of magic mapping
Potions
 k - a potion of resistance
 n - a potion of flight
 o - 2 potions of berserk rage
 p - 3 potions of curing
 t - 3 potions of mutation {unknown}
 B - 2 potions of haste
Comestibles
 c - 17 rations


   Skills:
 * Level 5.4 Fighting
 - Level 6.0 Short Blades
 * Level 1.5 Armour
 * Level 7.5 Dodging
 - Level 6.0 Stealth
 * Level 1.5 Shields
 * Level 8.0 Spellcasting
 * Level 7.2 Conjurations
 * Level 6.7 Fire Magic
 * Level 3.3 Evocations


You had 21 spell levels left.
You knew the following spells:

 Your Spells              Type           Power        Failure   Level  Hunger
a - Flame Tongue          Conj/Fire      #####        1%          1    None
c - Sticky Flame          Conj/Fire      #####...     4%          4    ###....

Your spell library contained the following spells:

 Spells                   Type           Power        Failure   Level  Hunger
 Magic Dart               Conj           ####         1%          1    None
 Searing Ray              Conj           #####.       1%          2    None
 Throw Flame              Conj/Fire      #####.       1%          2    None
 Conjure Flame            Conj/Fire      #####...     1%          3    None
 Iskenderun's Mystic Bla  Conj           #####...     4%          4    ###....
 Dazzling Spray           Conj/Hex       ###...       5%          3    None
 Inner Flame              Hex/Fire       ###.....     6%          3    None
 Fireball                 Conj/Fire      #####.....   12%         5    #####..
 Force Lance              Conj/Tloc      ###.....     19%         4    ###....
 Fulminant Prism          Conj/Hex       ###.......   19%         4    ###....


Dungeon Overview and Level Annotations

Branches:
Dungeon (8/15)             Temple (1/1) D:4
   Lair: D:8-11

Altars:
Ashenzari
Cheibriados
Dithmenos
Elyvilon
Fedhas
Gozag
Hepliaklqana
Kikubaaqudgha
Makhleb
Nemelex Xobeh
Okawaru
Qazlal
Ru
Sif Muna
Trog
Uskayaw
Vehumet
Wu Jian
Xom
Yredelemnul
The Shining One
Lugonu

Annotations:
D:8 Erica


Innate Abilities, Weirdness & Mutations

You are small and have problems with some larger weapons.
You are carnivorous and can eat meat at any time.


Message History

Confirm with . or Enter, or press ? or * to list all spells.
Aiming: Flame Tongue (safe; 1% risk of failure)
Press: ? - help, Shift-Dir - straight line, f/p - meliai
Aim: a meliai, wielding a pitted morningstar {crush}, wearing a plate armour The flame tongue hits the meliai.
The meliai is moderately wounded.
You feel sick.
The meliai burns!
The meliai hits you with a pitted morningstar {crush}!!
* * * LOW HITPOINT WARNING * * *
x2 The meliai stings you but does no damage.
The meliai barely misses you. The meliai misses you.
You feel much better.
You feel sick.
The meliai burns!
The meliai misses you. The meliai closely misses you.
The meliai hits you with a pitted morningstar {crush}!
* * * LOW HITPOINT WARNING * * *
x2 The meliai barely misses you.
You feel better.
The meliai burns!
The meliai stops burning.
The meliai hits you with a pitted morningstar {crush}!
* * * LOW HITPOINT WARNING * * *
You die...

..# #.#.# # #.# ##
.#.#.# ###..# ##
....#.#.# ..###. .
....#.#.#.# #...## #.
.#...#.#.# ###[.## ...#
..#.#.#.#
#)).####....#...#.#.#
#.#....###....#.#.#.#
##.####...###.y@.#.#.#
##..######...###..#.#.#
.......# ###...###..#.#
.......# ###......#.#
.......##########.###.#
.......##......##.....#
.......##......####.###
.......##......####.#
.......##........##.#


You could see a meliai.

Vanquished Creatures
  A two-headed ogre (D:8)
  Maurice (D:8)
  A troll (D:8)
  Grinder (D:5)
  Prince Ribbit (D:5)
  2 hippogriffs (D:8)
  A wyvern (D:8)
  2 yaks (D:7)
  2 hogs (D:7)
  A human (D:7)
  Menkaure (D:6)
  Edmund (D:5)
  Duvessa (D:5)
  A water moccasin (D:8)
  A phantom (D:6)
  A sky beast (D:6)
  A black bear (D:6)
  3 orc warriors
  A centaur (D:6)
  7 ogres
  A big kobold (D:7)
  5 bullfrogs
  Dowan (D:5)
  A wyvern skeleton (D:8)
  5 scorpions
  A killer bee (D:8)
  5 wights (D:8)
  6 crimson imps
  2 bullfrog zombies
  2 quasits
  A hound (D:8)
  4 orc priests
  A bullfrog skeleton (D:8)
  A jelly (D:5)
  3 orc wizards
  3 centaur skeletons
  4 worker ants
  A worker ant zombie (D:5)
  A howler monkey skeleton (D:6)
  4 gnolls
  8 adders
  2 oozes
  An adder skeleton (D:7)
  An adder zombie (D:6)
  6 worms
  4 dart slugs
  5 leopard geckos
  11 orcs
  3 ball pythons
  5 giant cockroaches
  7 goblins
  2 hobgoblins
  4 jackals (D:7)
  4 quokkas
  10 bats
  6 frilled lizards
  10 kobolds
  2 leopard gecko skeletons (D:5)
  A quokka zombie (D:5)
  9 rats
184 creatures vanquished.

Notes
Turn   | Place    | Note
-------+----------+-------------------------------------------
     0 | D:1      | Ihlosi the Kobold Fire Elementalist began the quest for the
                  | Orb.
     0 | D:1      | Reached XP level 1. HP: 10/10 MP: 3/3
   283 | D:1      | Reached XP level 2. HP: 15/15 MP: 1/5
   683 | D:1      | Reached XP level 3. HP: 19/19 MP: 3/6
  1774 | D:2      | Reached XP level 4. HP: 24/24 MP: 5/8
  2026 | D:2      | Reached skill level 3 in Spellcasting
  2114 | D:2      | Lost strength.
  2909 | D:3      | Reached XP level 5. HP: 28/28 MP: 3/9
  2959 | D:3      | Found a snail-covered altar of Cheibriados.
  2986 | D:3      | Reached skill level 1 in Short Blades
  3244 | D:3      | Found a deep blue altar of Sif Muna.
  3273 | D:3      | Found a shattered altar of Ashenzari.
  3505 | D:4      | Reached skill level 1 in Fighting
  3862 | D:3      | Reached XP level 6. HP: 28/34 MP: 5/11
  4080 | D:4      | Noticed an ogre
  4220 | D:4      | Learned a level 4 spell: Sticky Flame
  4313 | D:4      | Killed an ogre
  4313 | D:4      | Reached skill level 4 in Spellcasting
  4463 | D:4      | Reached XP level 7. HP: 33/38 MP: 1/13
  4620 | D:4      | Found a staircase to the Ecumenical Temple.
  4628 | Temple   | Entered the Ecumenical Temple
  4827 | D:4      | Found a basalt altar of Yredelemnul.
  5154 | D:5      | Entered Level 5 of the Dungeon
  5284 | D:5      | Noticed Prince Ribbit
  5434 | D:5      | Found a white marble altar of Elyvilon.
  5436 | D:5      | Noticed Grinder
  5732 | D:6      | Found an iron altar of Okawaru.
  5795 | D:6      | Noticed Menkaure
  5832 | D:6      | Found a radiant altar of Vehumet.
  5838 | D:6      | Found a shadowy altar of Dithmenos.
  5949 | D:5      | Found an ancient bone altar of Kikubaaqudgha.
  6137 | D:7      | Reached XP level 8. HP: 26/44 MP: 10/15
  6265 | D:7      | Reached skill level 5 in Spellcasting
  6282 | D:7      | Noticed a yak
  6282 | D:7      | Noticed a hog
  6282 | D:7      | Noticed a human
  6282 | D:7      | Noticed a yak
  6282 | D:7      | Noticed a hog
  6295 | D:7      | Killed a hog
  6304 | D:7      | Killed a human
  6304 | D:7      | Reached skill level 5 in Conjurations
  6315 | D:7      | Killed a yak
  6358 | D:7      | Killed a yak
  6491 | D:7      | Killed a hog
  6491 | D:7      | Reached skill level 6 in Spellcasting
  6491 | D:7      | Reached skill level 5 in Fire Magic
  6491 | D:7      | Reached XP level 9. HP: 50/50 MP: 9/18
  6788 | D:7      | Found an iron altar of Okawaru.
  6799 | D:7      | Found a sparkling altar of Nemelex Xobeh.
  7022 | D:7      | Reached skill level 5 in Dodging
  7502 | D:5      | Killed Grinder
  7746 | D:5      | Noticed Edmund
  7753 | D:5      | Killed Edmund
  7762 | D:5      | Reached skill level 1 in Evocations
  7831 | D:5      | Killed Prince Ribbit
  7831 | D:5      | Reached skill level 5 in Stealth
  7854 | D:5      | Noticed Dowan
  7855 | D:5      | Noticed Duvessa
  7870 | D:5      | Killed Duvessa
  7877 | D:5      | Killed Dowan
  7899 | D:5      | Found a burning altar of Makhleb.
  7899 | D:5      | Found a shimmering altar of Xom.
  8348 | D:6      | Reached XP level 10. HP: 33/56 MP: 15/20
  8630 | D:6      | Reached skill level 5 in Short Blades
  8928 | D:6      | Reached skill level 7 in Spellcasting
  8985 | D:6      | Killed Menkaure
  9526 | D:8      | Noticed Maurice
  9536 | D:8      | Killed Maurice
  9753 | D:8      | Noticed Erica
  9977 | D:8      | Found an ornate altar of the Wu Jian Council.
 10045 | D:8      | Reached skill level 5 in Fighting
 10174 | D:8      | Noticed a two-headed ogre
 10194 | D:8      | Killed a two-headed ogre
 10194 | D:8      | Reached skill level 1 in Armour
 10194 | D:8      | Reached skill level 1 in Shields
 10207 | D:8      | Reached XP level 11. HP: 59/64 MP: 9/22
 10796 | D:8      | Found a stormy altar of Qazlal.
 10949 | D:8      | Reached skill level 8 in Spellcasting
 10989 | D:8      | HP: 2/64 [meliai/pitted morningstar {crush} (6)]
 10991 | D:8      | Identified the +6 morningstar "Koxzem" {crush, rElec}
 10991 | D:8      | Slain by a meliai

Skill      XL: |  1  2  3  4  5  6  7  8  9 10 11 |
---------------+----------------------------------+-----
Stealth        | 3 5 6 |  6.0
Dodging        | 3 4 5 7 |  7.5
Conjurations   | 2 3 4 5 6 7 |  7.2
Spellcasting   | 3 4 6 7 8 |  8.0
Short Blades   | 1 2 3 4 5 6 |  6.0
Fighting       | 1 2 3 4 5 |  5.4
Fire Magic     | 4 5 6 |  6.7
Evocations     | 1 3 |  3.3
Armour         | 1 |  1.5
Shields        | 1 |  1.5

Action                   |  1- 3 |  4- 6 |  7- 9 | 10-12 || total
-------------------------+-------+-------+-------+-------++-------
Melee: Unarmed           |     7 |       |       |       ||     7
       Dagger            |     4 |    18 |    90 |    68 ||   180
       Long sword        |       |       |   132 |    88 ||   220
       Staff             |       |       |     1 |       ||     1
       Short sword       |       |       |       |     8 ||     8
 Cast: Flame Tongue      |    57 |    95 |    46 |    40 ||   238
       Sticky Flame      |       |     5 |    36 |    37 ||    78
Evoke: Wand              |       |       |     5 |     9 ||    14
  Use: Scroll            |       |     9 |     3 |       ||    12
       Potion            |       |     1 |       |     3 ||     4
 Stab: Sleeping          |     2 |     3 |     4 |     6 ||    15
  Eat: Chunk             |    11 |     9 |    15 |    14 ||    49
Armor: Robe              |     9 |     4 |    60 |    30 ||   103
Dodge: Dodged            |    29 |    40 |   249 |   203 ||   521
       Rpst.: Long sword |       |       |    35 |    25 ||    60
